TOP OF THE 1ST |
Niagara Falls Frenzy batting - Pitching for Greenville 84s : RHP Hiroshige Yamada
|
Pitching: RHP Hiroshige Yamada
|
|
Batting: RHB Tomás Estrada
|
0-0: Ball 1-0: Ball 2-0: Called Strike 2-1: Swinging Strike 2-2: Ground out 5-3 (Groundball, 56S)
|
Batting: RHB Zander Tremblett
|
0-0: Ball 1-0: Ball 2-0: Ground out 4-3 (Groundball, 4)
|
Batting: RHB Ramiro Gámez
|
0-0: Swinging Strike 0-1: Foul Ball, location: 2F 0-2: Ball 1-2: Strikes out swinging
|
Top of the 1st over - 0 run(s), 0 hit(s), 0 error(s), 0 left on base; Niagara Falls 0 - Greenville 0 |
BOTTOM OF THE 1ST |
Greenville 84s batting - Pitching for Niagara Falls Frenzy : RHP George Nelson
|
Pitching: RHP George Nelson
|
|
Batting: RHB Carlos Torres
|
0-0: Ball 1-0: Bunt missed! 1-1: Fly out, F7 (Flyball, 7S)
|
Batting: LHB Chris Moore
|
0-0: SINGLE (Groundball, 34S) (infield hit)
|
Batting: RHB Enzo Díaz
|
0-0: Ball 1-0: Ball 2-0: Fly out, F3 (Line Drive, 34) Lined into DP, U3 (Line Drive, 34)
|
Bottom of the 1st over - 0 run(s), 1 hit(s), 0 error(s), 0 left on base; Niagara Falls 0 - Greenville 0 |
TOP OF THE 2ND |
Niagara Falls Frenzy batting - Pitching for Greenville 84s : RHP Hiroshige Yamada
|
Batting: LHB Dante Owens
|
0-0: Ball 1-0: Called Strike 1-1: Ball 2-1: Foul Ball, location: 2F 2-2: Ground out 3-1 (Groundball, 34)
|
Batting: SHB Martín De Jesús
|
0-0: Ball 1-0: Ball 2-0: Foul Ball, location: 2F 2-1: Ball 3-1: Base on Balls
|
Batting: LHB Leo Wyeth
|
0-0: Ball 1-0: Ball 2-0: Called Strike 2-1: Ball 3-1: Base on Balls Martín De Jesús to second
|
Batting: RHB Ángel Hinojosa
|
0-0: Ball 1-0: Called Strike Martín De Jesús steals 3rd base Leo Wyeth to second 1-1: Ball 2-1: Foul Ball, location: 2F 2-2: Ball 3-2: Base on Balls
|
Batting: LHB Bill Hall
|
0-0: Grounds into double play, 6-4-3 (Groundball, 6)
|
Top of the 2nd over - 0 run(s), 0 hit(s), 0 error(s), 2 left on base; Niagara Falls 0 - Greenville 0 |
BOTTOM OF THE 2ND |
Greenville 84s batting - Pitching for Niagara Falls Frenzy : RHP George Nelson
|
Batting: LHB Brock Larsen
|
0-0: Ball 1-0: Foul Ball, location: 2F 1-1: Ball 2-1: Foul Ball, location: 2F 2-2: Fly out, F7 (Flyball, 7S)
|
Batting: LHB Paco Rosas
|
0-0: Ball 1-0: Foul Ball, location: 2F 1-1: Ball 2-1: Foul Ball, location: 2F 2-2: Ball 3-2: Base on Balls
|
Batting: LHB Jimmy Vickers
|
0-0: Fielders Choice at 2nd, 2-4 (Groundball, 2L)
|
Batting: RHB Robert Buckley
|
0-0: Called Strike 0-1: Swinging Strike 0-2: Ball 1-2: Strikes out looking
|
Bottom of the 2nd over - 0 run(s), 0 hit(s), 0 error(s), 1 left on base; Niagara Falls 0 - Greenville 0 |
TOP OF THE 3RD |
Niagara Falls Frenzy batting - Pitching for Greenville 84s : RHP Hiroshige Yamada
|
Batting: RHB Jorge Cora
|
0-0: Ball 1-0: Foul Ball, location: 2F 1-1: Fly out, F9 (Flyball, 9S)
|
Batting: RHB Tomás Estrada
|
0-0: Called Strike 0-1: Ball 1-1: Ground out 6-3 (Groundball, 6M)
|
Batting: RHB Zander Tremblett
|
0-0: SINGLE (Line Drive, 9S)
|
Batting: RHB Ramiro Gámez
|
0-0: Swinging Strike 0-1: Ball 1-1: Called Strike 1-2: Foul Ball, location: 2F 1-2: Foul Ball, location: 2F 1-2: Strikes out swinging
|
Top of the 3rd over - 0 run(s), 1 hit(s), 0 error(s), 1 left on base; Niagara Falls 0 - Greenville 0 |
BOTTOM OF THE 3RD |
Greenville 84s batting - Pitching for Niagara Falls Frenzy : RHP George Nelson
|
Batting: LHB Robert Moore
|
0-0: Foul Ball, location: 2F 0-1: SINGLE (Line Drive, 3D)
|
Batting: SHB Gilberto Guzmán
|
0-0: Called Strike 0-1: SINGLE (Line Drive, 78S) Robert Moore to second
|
Batting: RHB Carlos Torres
|
0-0: Ball 1-0: Foul Ball, location: 2F 1-1: Foul Ball, location: 2F 1-2: Fielders Choice at 2nd, 3-6 (Groundball, 34) Robert Moore to third
|
Batting: LHB Chris Moore
|
0-0: Called Strike Carlos Torres steals 2nd base 0-1: Swinging Strike 0-2: Ball 1-2: Foul Ball, location: 2F 1-2: Ball 2-2: Ground out 4-3 (Groundball, 4) Robert Moore scores Carlos Torres to third
|
Batting: RHB Enzo Díaz
|
0-0: Called Strike 0-1: Fly out, F8 (Flyball, 8RM)
|
Bottom of the 3rd over - 1 run(s), 2 hit(s), 0 error(s), 1 left on base; Niagara Falls 0 - Greenville 1 |
TOP OF THE 4TH |
Niagara Falls Frenzy batting - Pitching for Greenville 84s : RHP Hiroshige Yamada
|
Batting: LHB Dante Owens
|
0-0: Ball 1-0: Swinging Strike 1-1: Ball 2-1: Called Strike 2-2: Ball 3-2: SOLO HOME RUN (Flyball, 89XD), Distance : 395 ft
|
Batting: SHB Martín De Jesús
|
0-0: Ball 1-0: SINGLE (Groundball, 6MD)
|
Batting: LHB Leo Wyeth
|
0-0: Called Strike 0-1: SINGLE (Flyball, 7LM) Martín De Jesús to second
|
Batting: RHB Ángel Hinojosa
|
0-0: Ball 1-0: Fly out, F6 (Popup, 6)
|
Batting: LHB Bill Hall
|
0-0: Ball 1-0: Ball 2-0: Ball 3-0: Called Strike 3-1: SINGLE (Groundball, 34D) Martín De Jesús to third Leo Wyeth to second Runner from 3rd tries for Home, SAFE, throw made home
|
Batting: RHB Jorge Cora
|
0-0: Fielders Choice at 2nd, 6-4 (Groundball, 6) Leo Wyeth to third
|
Batting: RHB Tomás Estrada
|
0-0: Foul Ball, location: 2F 0-1: Ball 1-1: Called Strike 1-2: Strikes out swinging
|
Top of the 4th over - 2 run(s), 4 hit(s), 0 error(s), 2 left on base; Niagara Falls 2 - Greenville 1 |
BOTTOM OF THE 4TH |
Greenville 84s batting - Pitching for Niagara Falls Frenzy : RHP George Nelson
|
Batting: LHB Brock Larsen
|
0-0: Foul Ball, location: 2F 0-1: Foul Ball, location: 2F 0-2: Ball 1-2: Fly out, F2 (Popup, 5S)
|
Batting: LHB Paco Rosas
|
0-0: Ball 1-0: Ball 2-0: Fly out, F6 (Line Drive, 6)
|
Batting: LHB Jimmy Vickers
|
0-0: Ball 1-0: Foul Ball, location: 2F 1-1: Called Strike 1-2: Foul Ball, location: 2F 1-2: Foul Ball, location: 2F 1-2: Fly out, F8 (Flyball, 78M)
|
Bottom of the 4th over - 0 run(s), 0 hit(s), 0 error(s), 0 left on base; Niagara Falls 2 - Greenville 1 |
TOP OF THE 5TH |
Niagara Falls Frenzy batting - Pitching for Greenville 84s : RHP Hiroshige Yamada
|
Batting: RHB Zander Tremblett
|
0-0: Ball 1-0: Swinging Strike 1-1: Reached on error, E5 (Groundball, 56)
|
Batting: RHB Ramiro Gámez
|
0-0: Called Strike 0-1: Ball 1-1: Swinging Strike 1-2: SINGLE (Flyball, 7S) Zander Tremblett to second
|
Batting: LHB Dante Owens
|
0-0: Ball 1-0: Ball 2-0: Foul Ball, location: 2F 2-1: Swinging Strike 2-2: Ball 3-2: Foul Ball, location: 2F 3-2: Foul Ball, location: 2F 3-2: Base on Balls Zander Tremblett to third Ramiro Gámez to second
|
Batting: SHB Martín De Jesús
|
0-0: Called Strike 0-1: Grounds into fielders choice 6-2 (Groundball, 6) Ramiro Gámez to third Dante Owens to second
|
Batting: LHB Leo Wyeth
|
0-0: Ball 1-0: Fly out, F9 (Flyball, 89M) Throwing error, E9 Ramiro Gámez scores Dante Owens to third Martín De Jesús to second
|
Batting: RHB Ángel Hinojosa
|
0-0: Called Strike 0-1: Foul Ball, location: 2F 0-2: Strikes out looking
|
Top of the 5th over - 1 run(s), 1 hit(s), 2 error(s), 2 left on base; Niagara Falls 3 - Greenville 1 |
BOTTOM OF THE 5TH |
Greenville 84s batting - Pitching for Niagara Falls Frenzy : RHP George Nelson
|
Batting: RHB Robert Buckley
|
0-0: Foul Ball, location: 2F 0-1: Swinging Strike 0-2: Strikes out swinging
|
Batting: LHB Robert Moore
|
0-0: Ball 1-0: Foul Ball, location: 2F 1-1: Fly out, F4 (Popup, 4D)
|
Batting: SHB Gilberto Guzmán
|
0-0: Ball 1-0: SINGLE (Groundball, 34D)
|
Batting: RHB Carlos Torres
|
0-0: Called Strike 0-1: Fly out, F9 (Flyball, 89M)
|
Bottom of the 5th over - 0 run(s), 1 hit(s), 0 error(s), 1 left on base; Niagara Falls 3 - Greenville 1 |
TOP OF THE 6TH |
Niagara Falls Frenzy batting - Pitching for Greenville 84s : RHP Hiroshige Yamada
|
Batting: LHB Bill Hall
|
0-0: Ball 1-0: Ball 2-0: Called Strike 2-1: Foul Ball, location: 2F 2-2: Strikes out looking
|
Pitching: LHP Manuel Herrera
|
|
Batting: RHB Jorge Cora
|
0-0: Ball 1-0: Called Strike 1-1: Foul Ball, location: 2F 1-2: Strikes out swinging
|
Batting: RHB Tomás Estrada
|
0-0: Called Strike 0-1: Swinging Strike 0-2: Strikes out looking
|
Top of the 6th over - 0 run(s), 0 hit(s), 0 error(s), 0 left on base; Niagara Falls 3 - Greenville 1 |
BOTTOM OF THE 6TH |
Greenville 84s batting - Pitching for Niagara Falls Frenzy : RHP George Nelson
|
Batting: LHB Chris Moore
|
0-0: Ball 1-0: Ball 2-0: Called Strike 2-1: Swinging Strike 2-2: Ground out 6-3 (Groundball, 6S)
|
Batting: RHB Enzo Díaz
|
0-0: Foul Ball, location: 2F 0-1: Ball 1-1: Ball 2-1: TRIPLE (Flyball, 9LD)
|
Batting: LHB Brock Larsen
|
0-0: 2-RUN HOME RUN (Flyball, 9D), Distance : 359 ft
|
Batting: LHB Paco Rosas
|
0-0: Ball 1-0: Ball 2-0: SINGLE (Groundball, 4MD)
|
Batting: LHB Jimmy Vickers
|
0-0: Called Strike 0-1: Ball 1-1: Ball 2-1: Swinging Strike 2-2: Fly out, F8 (Line Drive, 8LD)
|
Batting: RHB Robert Buckley
|
0-0: Foul Ball, location: 2F 0-1: Called Strike 0-2: Ball 1-2: Fielders Choice at 2nd, 6-4 (Groundball, 56)
|
Bottom of the 6th over - 2 run(s), 3 hit(s), 0 error(s), 0 left on base; Niagara Falls 3 - Greenville 3 |
TOP OF THE 7TH |
Niagara Falls Frenzy batting - Pitching for Greenville 84s : LHP Manuel Herrera
|
Batting: RHB Zander Tremblett
|
0-0: Ball 1-0: Foul Ball, location: 2F 1-1: Foul Ball, location: 2F 1-2: Ball 2-2: Strikes out looking
|
Batting: RHB Ramiro Gámez
|
0-0: Ball
|
|
|
|
1-0: Foul Ball, location: 2F 1-1: Called Strike 1-2: Strikes out swinging
|
Batting: LHB Dante Owens
|
0-0: Called Strike 0-1: Foul Ball, location: 2F 0-2: Ball 1-2: Foul Ball, location: 2F 1-2: Fly out, F9 (Flyball, 9D)
|
Top of the 7th over - 0 run(s), 0 hit(s), 0 error(s), 0 left on base; Niagara Falls 3 - Greenville 3 |
BOTTOM OF THE 7TH |
Greenville 84s batting - Pitching for Niagara Falls Frenzy : RHP George Nelson
|
Pitching: RHP Jean Burrows
|
|
Batting: LHB Robert Moore
|
0-0: Called Strike 0-1: Swinging Strike 0-2: Ground out 4-3 (Groundball, 4M)
|
Batting: SHB Gilberto Guzmán
|
0-0: Ball 1-0: Fly out, F7 (Flyball, 7LM)
|
Batting: RHB Carlos Torres
|
0-0: Ball 1-0: Swinging Strike 1-1: Ball 2-1: Foul Ball, location: 2F 2-2: Ball 3-2: Hit by Pitch
|
Batting: LHB Chris Moore
|
0-0: Ball Carlos Torres steals 2nd base 1-0: Ball 2-0: Ball 3-0: Called Strike 3-1: Swinging Strike 3-2: Base on Balls
|
Batting: RHB Enzo Díaz
|
0-0: Ball 1-0: Called Strike 1-1: Called Strike 1-2: Ball 2-2: Ball 3-2: Foul Ball, location: 2F 3-2: Foul Ball, location: 2F 3-2: Fly out, F9 (Flyball, 9)
|
Bottom of the 7th over - 0 run(s), 0 hit(s), 0 error(s), 2 left on base; Niagara Falls 3 - Greenville 3 |
TOP OF THE 8TH |
Niagara Falls Frenzy batting - Pitching for Greenville 84s : LHP Manuel Herrera
|
Batting: SHB Martín De Jesús
|
0-0: Ball 1-0: Called Strike 1-1: Foul Ball, location: 2F 1-2: Foul Ball, location: 2F 1-2: Fly out, F9 (Flyball, 9)
|
Batting: LHB Leo Wyeth
|
0-0: Called Strike 0-1: Ball 1-1: Called Strike 1-2: Foul Ball, location: 2F 1-2: Ball 2-2: Ball 3-2: Ground out 6-3 (Groundball, 6)
|
Batting: RHB Ángel Hinojosa
|
0-0: Ball 1-0: Ground out 5-3 (Groundball, 25)
|
Top of the 8th over - 0 run(s), 0 hit(s), 0 error(s), 0 left on base; Niagara Falls 3 - Greenville 3 |
BOTTOM OF THE 8TH |
Greenville 84s batting - Pitching for Niagara Falls Frenzy : RHP Jean Burrows
|
Batting: LHB Brock Larsen
|
0-0: Called Strike 0-1: Ball 1-1: Ball 2-1: Ball 3-1: Swinging Strike 3-2: Foul Ball, location: 2F 3-2: Base on Balls
|
Batting: LHB Paco Rosas
|
0-0: Called Strike 0-1: Ball 1-1: Fielders Choice at 2nd, 1-6 (Groundball, 13)
|
Batting: LHB Jimmy Vickers
|
0-0: Ball 1-0: Swinging Strike 1-1: Called Strike 1-2: Ball 2-2: Foul Ball, location: 2F 2-2: Foul Ball, location: 2F 2-2: Strikes out swinging
|
Pitching: RHP Mark Head
|
|
Batting: RHB Robert Buckley
|
0-0: Ball 1-0: Foul Ball, location: 2F 1-1: Foul Ball, location: 2F 1-2: Fly out, F9 (Flyball, 9)
|
Bottom of the 8th over - 0 run(s), 0 hit(s), 0 error(s), 1 left on base; Niagara Falls 3 - Greenville 3 |
TOP OF THE 9TH |
Niagara Falls Frenzy batting - Pitching for Greenville 84s : LHP Manuel Herrera
|
Pitching: LHP Francisco Ríos
|
|
Batting: LHB Bill Hall
|
0-0: Ball 1-0: Foul Ball, location: 2F 1-1: Foul Ball, location: 2F 1-2: Ball 2-2: Strikes out looking
|
Batting: RHB Jorge Cora
|
0-0: Ball 1-0: Called Strike 1-1: Ball 2-1: SINGLE (Groundball, 4MD)
|
Batting: RHB Tomás Estrada
|
0-0: Ball 1-0: Ground out 4-3 (Groundball, 4) Jorge Cora to second
|
Batting: RHB Zander Tremblett
|
0-0: Called Strike 0-1: SINGLE (Flyball, 89S) Jorge Cora to third Runner from 3rd tries for Home, SAFE, no throw
|
Batting: RHB Ramiro Gámez
|
0-0: Foul Ball, location: 2F 0-1: Swinging Strike 0-2: Strikes out swinging, 2-3 out at first.
|
Top of the 9th over - 1 run(s), 2 hit(s), 0 error(s), 1 left on base; Niagara Falls 4 - Greenville 3 |
BOTTOM OF THE 9TH |
Greenville 84s batting - Pitching for Niagara Falls Frenzy : RHP Mark Head
|
Pitching: RHP Esteban Juárez
|
|
Now in CF: Jung-ha Kim
|
|
Batting: LHB Robert Moore
|
0-0: Called Strike 0-1: Swinging Strike 0-2: Ball 1-2: Ball 2-2: Foul Ball, location: 2F 2-2: Ground out U3 (Groundball, 3)
|
Pinch Hitting: RHB Vic Langlois
|
0-0: Ball 1-0: Ball 2-0: Foul Ball, location: 2F 2-1: Swinging Strike 2-2: Strikes out swinging
|
Batting: RHB Carlos Torres
|
0-0: Ball 1-0: Foul Ball, location: 2F 1-1: Foul Ball, location: 2F 1-2: Foul Ball, location: 2F 1-2: Ball 2-2: Ball 3-2: Foul Ball, location: 2F 3-2: Hit by Pitch
|
Pinch Runner at 1st Gino Canio:
|
|
Batting: LHB Chris Moore
|
0-0: Fly out, F6 (Popup, 6D)
|
Bottom of the 9th over - 0 run(s), 0 hit(s), 0 error(s), 1 left on base; Niagara Falls 4 - Greenville 3 |
|
Thursday, March 30th, 2017 - OOTP Baseball 17.12 Build 75
|
|